 Dungeon Crawl Stone Soup version 0.26.0-18-gc5c842f807 (webtiles) character file.

Game seed: 16707234887267785161

761 thiole the Sneak (level 7, -17/41 HPs)
             Began as an Octopode Hedge Wizard on Jan 24, 2021.
             Was an Initiate of Gozag.
             Demolished by a two-headed ogre
             ... wielding a +0 giant spiked club
              (28 damage)
             ... on level 3 of the Dungeon.
             The game lasted 00:24:57 (5723 turns).

thiole the Sneak (Octopode Hedge Wizard)            Turns: 5723, Time: 00:24:57

Health: -17/41     AC:  1    Str:  9    XL:     7   Next: 80%
Magic:  6/13       EV: 13    Int: 18    God:    Gozag
Gold:   272        SH:  0    Dex: 12    Spells: 9/15 levels left

rFire    + . .     SeeInvis .   j - +4 trident (venom)
rCold    . . .     Faith    .   (no shield)
rNeg     . . .     Spirit   .   b - +0 hat
rPois    .         Reflect  .   (no amulet)
rElec    .         Harm     .   f - ring of fire
rCorr    .         Rampage  .   t - ring of protection from cold
Will     ++...                  u - ring of stealth
Stlth    +++++.....             w - ring of willpower
HPRegen  0.13/turn              A - ring of willpower
MPRegen  0.13/turn              (no ring)
                                (no ring)
                                (no ring)

@: gold aura
A: almost no armour, stealthy swim, amphibious, 8 rings, constrict 8, camouflage
1, gelatinous body 1
a: Renounce Religion, Potion Petition, Call Merchant, Bribe Branch


You were on level 3 of the Dungeon.
You worshipped Gozag.
Gozag was aware of your devotion.
You visited 2 branches of the dungeon, and saw 6 of its levels.
You also visited: Sewer.

You collected 350 gold pieces.
You paid 78 gold pieces to Gozag.

Inventory:

Hand Weapons
 e - a +0 hunting sling
 j - a +4 trident of venom (weapon)
 q - a +2 dagger of flaming
Missiles
 c - 189 stones (quivered)
Armour
 b - a +0 hat (worn)
Jewellery
 f - a ring of fire (left tentacle)
 t - a ring of protection from cold (right tentacle)
 u - a ring of stealth (on tentacle)
 w - a ring of willpower (on tentacle)
 A - a ring of willpower (on tentacle)
Wands
 y - a wand of random effects (13)
Scrolls
 a - a scroll of fog {unknown}
 d - 2 scrolls of blinking
 h - 3 scrolls of teleportation
 l - 2 scrolls of remove curse
 m - a scroll of enchant armour {unknown}
 n - a scroll of amnesia
 p - a scroll of identify {unknown}
 r - a scroll of immolation
Potions
 g - a potion of ambrosia {unknown}
 i - a potion of brilliance {unknown}
 k - a potion of invisibility {unknown}
 v - 3 potions of curing
 x - a potion of degeneration {unknown}
 z - a potion of lignification {unknown}


   Skills:
 - Level 2.0 Dodging
 + Level 5.8 Stealth
 + Level 4.5 Spellcasting
 - Level 4.0 Conjurations
 - Level 2.0 Summonings
 - Level 1.0 Translocations
 * Level 4.5 Air Magic


You had 9 spell levels left.
You knew the following spells:

 Your Spells              Type           Power        Failure   Level
a - Magic Dart            Conj           72%          2%          1
b - Call Imp              Summ           11%          10%         2
d - Mephitic Cloud        Conj/Pois/Air  14%          13%         3

Your spell library contained the following spells:

 Spells                   Type           Power        Failure   Level
 Blink                    Tloc           N/A          14%         2
 Conjure Flame            Conj/Fire      16%          19%         3
 Slow                     Hex            4%           22%         2


Dungeon Overview and Level Annotations

Branches:
Dungeon (5/15)             Temple (1/1) D:4           Sewer (visited)

Altars:
Fedhas
Gozag
Nemelex Xobeh
Trog
Uskayaw
Xom
Zin
Beogh

Annotations:
D:4 3 runed translucent doors, kreisler's ghost, novice OpBr


Innate Abilities, Weirdness & Mutations

You cannot wear most types of armour.
You are very stealthy in the water. (Stealth+)
You are amphibious.
You can wear up to eight rings at the same time.
You can use your tentacles to constrict eight enemies at once.
Your skin changes colour to match your surroundings (Stealth+).
Your rubbery body absorbs attacks. (AC +1, EV +1)


Message History

You are too injured to fight recklessly!
Reach: j) +4 trident (venom)
Press: ? - help, Dir - move target, f - two-headed ogre
Aim: a two-headed ogre, wielding a +0 giant spiked club and a +0 giant club (moderately wounded, fleeing)
You reach to attack!
You catch the helpless two-headed ogre completely off-guard!
You puncture the two-headed ogre!
The two-headed ogre is poisoned.
Your attack snaps the two-headed ogre out of its fear.
The two-headed ogre is heavily wounded.
Reach: j) +4 trident (venom)
Press: ? - help, Dir - move target, f/p - two-headed ogre
Aim: a two-headed ogre, wielding a +0 giant spiked club and a +0 giant club (heavily wounded, very poisoned)
You hit the two-headed ogre.
The two-headed ogre looks as sick as possible!
The two-headed ogre is severely wounded.
The two-headed ogre misses you.
The two-headed ogre hits you with a +0 giant club!!
Ouch! That really hurt!
You die...
Your body crumbles into a pile of gold.

....+..#.#.#.##.©.##5#.# #.#.#
....#......#O##...##.#.# #.#.#
....#.###..#....5...©#.# #.#.#
...........#.##.5.##5#.# #.#.#
.......#...#.##...##.#.###.#.#
.......#...#..??$:(..#...#.#.#
...........##8$$_.$8##..##.#.#
#......##...#########......#.#
.......##.......@..........#.#
.......##.....#.O.#####.##.#.#
..............'.........#..#.#
#....#..#....<###########.##.#
#....#..#....................#
######..##...############.####
#.......#..........#.#
#######.###..#.######...#.#
........#....#.# #.##...#.#


You could see a two-headed ogre (extremely poisoned), 2 friendly white imps and
a friendly shadow imp (summoned).

Vanquished Creatures
  A bullfrog (Sewer)
  A water moccasin skeleton (D:3)
  A bullfrog zombie (D:5)
  A hound (D:5)
  A worker ant (D:4)
  An iguana (D:5)
  An orc wizard (D:5)
  A worker ant zombie (D:5)
  9 adders
  A white imp (D:5)
  8 oozes (Sewer)
  2 worms
  A dart slug (D:4)
  16 leopard geckos
  7 orcs
  15 giant cockroaches
  5 goblins
  9 hobgoblins
  4 jackals
  5 kobolds
  4 quokkas
  5 ball pythons (Sewer)
  12 frilled lizards
  A giant cockroach zombie (D:5)
  7 rats
119 creatures vanquished.

Vanquished Creatures (collateral kills)
  2 ogres
  2 bullfrogs
  A howler monkey (D:4)
  An adder (Sewer)
  An ooze (Sewer)
  A dart slug (D:3)
  A leopard gecko (Sewer)
  A giant cockroach (Sewer)
  A goblin (D:3)
  A hobgoblin (D:3)
  2 kobolds (D:3)
  2 frilled lizards (Sewer)
  A quokka skeleton (D:3)
17 creatures vanquished.

Grand Total: 136 creatures vanquished

Notes
Turn   | Place    | Note
-------+----------+-------------------------------------------
     0 | D:1      | thiole the Octopode Hedge Wizard began the quest for the
                  | Orb.
     0 | D:1      | Reached XP level 1. HP: 11/11 MP: 4/4
   245 | D:1      | Reached XP level 2. HP: 17/17 MP: 6/6
   468 | D:1      | Reached skill level 3 in Stealth
   487 | D:1      | Learned a level 2 spell: Call Imp
   490 | D:1      | Learned a level 2 spell: Blink
   713 | D:1      | Reached XP level 3. HP: 16/21 MP: 3/7
  1148 | D:2      | Learned a level 3 spell: Mephitic Cloud
  1379 | D:2      | Found a blossoming altar of Fedhas.
  2002 | D:3      | Found a hide-covered altar of Uskayaw.
  2007 | D:3      | Noticed an angel
  2009 | D:3      | Found a glowing silver altar of Zin.
  2011 | D:3      | Found a shimmering altar of Xom.
  2078 | D:3      | Found a glowing drain.
  2090 | Sewer    | Entered a sewer
  2165 | Sewer    | Reached XP level 4. HP: 21/27 MP: 2/8
  2479 | Sewer    | Reached skill level 1 in Air Magic
  2788 | Sewer    | Reached XP level 5. HP: 31/31 MP: 3/10
  2833 | Sewer    | Reached skill level 4 in Stealth
  2863 | Sewer    | Reached XP level 6. HP: 24/36 MP: 2/11
  3474 | D:3      | Found a bloodstained altar of Trog.
  3476 | D:3      | Noticed a two-headed ogre
  3757 | D:3      | Found a transporter.
  3809 | D:3      | Found a transporter.
  4010 | D:4      | Reached skill level 5 in Stealth
  4010 | D:4      | Reached XP level 7. HP: 41/41 MP: 2/13
  4129 | D:4      | Found a runed translucent gate.
  4130 | D:4      | Found a runed translucent gate.
  4513 | D:4      | Found a staircase to the Ecumenical Temple.
  4523 | Temple   | Entered the Ecumenical Temple
  4541 | Temple   | Became a worshipper of Gozag Ym Sagoz the Greedy
  4592 | D:4      | Identified the +0 ring mail of the Orb {Int+2}
  4593 | D:4      | Found a runed translucent gate.
  4593 | D:4      | Noticed kreisler's ghost (novice OpBr)
  4597 | D:4      | Found a roughly hewn altar of Beogh.
  5081 | D:5      | Entered Level 5 of the Dungeon
  5237 | D:5      | Found a sparkling altar of Nemelex Xobeh.
  5723 | D:3      | Demolished by a two-headed ogre

Illustrated notes

Levels and vault maps discovered:
D:1:      mrwooster_arrival_arrow, layout_loops_corners, minmay_strange_pillars,
          minmay_misc_feat_roman, grunt_decor_cap, minmay_split_cup_small
D:2:      layout_basic, fedhas_altar_3
D:3:      minmay_octagon_keep, layout_basic,
          grunt_temple_overflow_order_and_chaos_1,
          gammafunk_temple_overflow_arena, overflow_temple_1_default,
          portal_sewer_entry_f, serial_bayou_ford_a, feat_on_display
D:4:      layout_layer_cave, minmay_temple_entry_statues,
          biasface_ghost_orc_armoury
D:5:      layout_loops_ring, lemuel_coloured_pillars_altar,
          nemelex_xobeh_ov_fountains_minmay, chequers_serial_rivers_large_a,
          kennysheep_generic_room_16
Temple:   minmay_temple_curvy_loop

Skill      XL: |  1  2  3  4  5  6  7 |
---------------+----------------------+-----
Stealth        | 3 4 5 |  5.8
Conjurations   | 2 3 4 |  4.0
Summonings     | 2 |  2.0
Air Magic      | 1 2 3 4 |  4.5
Spellcasting   | 4 |  4.5
Dodging        | |  2.0
Translocations | |  1.0

Action                   |  1- 3 |  4- 6 |  7- 9 || total
-------------------------+-------+-------+-------++-------
Melee: Dagger            |    22 |    92 |    16 ||   130
       Constrict         |    11 |    19 |    12 ||    42
       Tentacles         |     3 |    18 |     5 ||    26
       Hunting sling     |     6 |       |       ||     6
       Trident           |       |       |    35 ||    35
 Fire: Hunting sling     |    11 |       |       ||    11
Throw: Stone             |     7 |     3 |     2 ||    12
 Cast: Magic Dart        |    59 |    66 |    14 ||   139
       Call Imp          |       |    12 |    13 ||    25
  Use: Scroll            |     2 |     1 |     6 ||     9
       Potion            |       |     1 |     2 ||     3
 Stab: Sleeping          |     3 |    11 |     6 ||    20
       Distracted        |       |       |     1 ||     1
       Fleeing           |       |       |     1 ||     1
Armor: Skin              |     2 |     2 |     2 ||     6
Dodge: Dodged            |    20 |    49 |    28 ||    97
